 Dungeon Crawl Stone Soup version 0.29.0-4-gdea44cf6ec (webtiles) character file.

Game seed: 17002943228330283179

63 qw the Ruffian (level 4, -7/35 HPs)
             Began as a Ghoul Fire Elementalist on Aug 29, 2022.
             Mangled by Ijyb
             ... wielding a +1 dagger of electrocution
              (12 damage)
             ... on level 3 of the Dungeon.
             The game lasted 00:01:57 (2450 turns).

qw the Ruffian (Ghoul Fire Elementalist)            Turns: 2450, Time: 00:01:57

Health: -7/35      AC: 14    Str: 13    XL:     4   Next: 10%
Magic:  5/5        EV:  3    Int: 10    God:
Gold:   151        SH:  0    Dex:  9    Spells: 5/6 levels left

rFire   . . .      SeeInvis .     - Unarmed
rCold   + . .      Faith    .   (no shield)
rNeg    + + +      Spirit   .   c - +0 plate armour
rPois   inf        Reflect  .   (no helmet)
rElec   .          Harm     .   (no cloak)
rCorr   .          Rampage  .   (no gloves)
Will    .....                   (no boots)
Stlth   ..........              g - amulet of the acrobat
HPRegen 0.00/turn               e - +4 ring of protection
MPRegen 0.09/turn               (no ring)

@: inhibited regen
A: claws 1, cold resistance 1, negative energy resistance 3, inhibited
regeneration, torment resistance 2, devour on kill
a: no special abilities


You were on level 3 of the Dungeon.
You visited 1 branch of the dungeon, and saw 3 of its levels.

You collected 151 gold pieces.


Innate Abilities, Weirdness & Mutations

You are immune to poison.
You have sharp fingernails.
Your flesh is cold resistant. (rC+)
You are immune to negative energy. (rN+++)
You do not regenerate when monsters are visible.
You are immune to unholy pain and torment.
You thrive by killing the living.


   Skills:
 - Level 1.1 Fighting
 - Level 1.0 Armour
 - Level 1.7 Dodging
 - Level 2.1 Stealth
 + Level 3.2 Unarmed Combat
 - Level 1.7 Spellcasting
 - Level 0.7 Conjurations
 - Level 2.4 Fire Magic


You had 5 spell levels left.
You knew the following spells:

 Your Spells              Type           Power      Damage    Failure   Level
a - Foxfire               Conj/Fire      16%        2x1d4     100%        1

Your spell library contained the following spells:

 Spells                   Type           Power      Damage    Failure   Level
 Scorch                   Fire           10%        2d5       100%        2
 Conjure Flame            Conj/Fire      4%         6-21      100%        3
 Inner Flame              Hex/Fire       3%         N/A       100%        3
 Flame Wave               Conj/Fire      4%         2d5       100%        4

Inventory:

Armour
 c - a +0 plate armour (worn)
Jewellery
 e - a +4 ring of protection (left claw)
 g - an amulet of the acrobat (around neck)
Scrolls
 a - a scroll of identify
Potions
 k - a potion of cancellation {unknown}

Dungeon Overview and Level Annotations

Branches:
Dungeon (3/15)

Altars:

Shops:
D:1 (

Annotations:
D:3 Ijyb


Message History

You scratch the orc but do no damage.
The orc is heavily wounded.
The orc hits you but does no damage. Ijyb screams, "Me stronger than you!"
You completely miss the orc.
The orc is heavily wounded.
You scratch the orc but do no damage.
The orc is heavily wounded.
The orc hits you but does no damage.
You scratch the orc.
You kill the orc!
You feel better.
You closely miss the orc. The orc hits you but does no damage.
A worm comes into view.
2440 ||| Stepping ~*~*~tactically~*~*~ (stealth).
You claw the orc!
You kill the orc!
You feel better. The orc hits you but does no damage.
You see here a +0 whip.
You scratch the orc but do no damage. The orc hits you but does no damage.
You scratch the orc.
The orc is severely wounded.
The orc hits you but does no damage.
You scratch the orc.
You kill the orc!
You feel better.
You scratch Ijyb but do no damage.
Ijyb zaps a wand.
You suddenly lose the ability to move!
Ijyb hits you but does no damage. x2
You can move again.
You scratch Ijyb.
Ijyb is lightly wounded.
Ijyb hits you but does no damage.
You are electrocuted!
You scratch Ijyb but do no damage.
Ijyb is lightly wounded.
Ijyb hits you but does no damage.
You are electrocuted!
You die...

..###..#......[#
.#####..%......# .#
#........<...#
...####.....########
.................
.#####....#.....
#...#.......
####[..#.......
#.g@.###...?...
#)#### .......
#...............
####..#####. #..#
#.## ... ..# #.#


You could see Ijyb.

Vanquished Creatures
  An adder (D:3)
  2 worms
  2 dart slugs
  5 orcs (D:3)
  3 endoplasms
  5 goblins
  2 hobgoblins
  2 jackals (D:1)
  2 quokkas
  3 ball pythons
  3 bats
  2 frilled lizards
  5 kobolds
  4 rats
41 creatures vanquished.

Notes
Turn   | Place    | Note
-------+----------+-------------------------------------------
     0 | D:1      | qw the Ghoul Fire Elementalist began the quest for the Orb.
     0 | D:1      | Reached XP level 1. HP: 14/14 MP: 2/2
     0 | D:1      | 0 ||| qw: Version: 0.1-a-90-g952f4b7
     0 | D:1      | 0 ||| qw: Game counter: 4218
     0 | D:1      | 0 ||| qw: Always use a shield: true
     0 | D:1      | 0 ||| qw: God list: Okawaru
     0 | D:1      | 0 ||| qw: Allow faded altars: false
     0 | D:1      | 0 ||| qw: Do Orc after D:15 true
     0 | D:1      | 0 ||| qw: Do second Lair branch before Depths: true
     0 | D:1      | 0 ||| qw: Lair rune preference: random
     0 | D:1      | 0 ||| qw: Plans: Normal
     0 | D:1      | 0 ||| PLANNING D:1-11
    64 | D:1      | Found Xesmag's Antique Weapon Shoppe.
    75 | D:1      | 75 ||| DROPPING potion of magic.
   137 | D:1      | Reached skill level 1 in Unarmed Combat
   502 | D:1      | Reached XP level 2. HP: 17/22 MP: 3/3
   593 | D:1      | Reached skill level 1 in Fighting
   638 | D:1      | 638 ||| Stepping ~*~*~tactically~*~*~ (stealth).
   796 | D:1      | 796 ||| Stepping ~*~*~tactically~*~*~ (hiding).
   939 | D:1      | Reached skill level 2 in Unarmed Combat
   943 | D:1      | Found a faded altar of an unknown god.
  1308 | D:1      | Reached XP level 3. HP: 20/28 MP: 4/4
  1433 | D:1      | 1433 ||| UPGRADING to +0 scale mail.
  1443 | D:1      | 1443 ||| DROPPING +0 robe.
  1444 | D:1      | 1444 ||| UPGRADING to +4 ring of protection.
  1445 | D:1      | 1445 ||| READING scroll labelled CYECSU TINUD.
  1446 | D:1      | 1446 ||| READING scroll labelled ZIUROO GAWEDA.
  1447 | D:1      | 1447 ||| READING scroll labelled GOAGHY FUKOESM.
  1448 | D:1      | 1448 ||| READING scroll labelled MUD KIONUCLOYQE.
  1451 | D:1      | 1451 ||| READING scroll labelled ROYTOO OMPIF.
  1840 | D:2      | 1840 ||| Stepping ~*~*~tactically~*~*~ (stealth).
  1891 | D:2      | Reached skill level 3 in Unarmed Combat
  2186 | D:2      | 2186 ||| UPGRADING to +0 plate armour.
  2196 | D:2      | 2196 ||| DROPPING +0 scale mail.
  2197 | D:2      | 2197 ||| UPGRADING to amulet of the acrobat.
  2202 | D:2      | 2202 ||| READING scroll labelled DARUNUZALY.
  2203 | D:2      | 2203 ||| READING 4 scrolls of identify.
  2203 | D:2      | 2203 ||| IDENTIFYING fizzy brown potion
  2204 | D:2      | 2204 ||| READING 3 scrolls of identify.
  2204 | D:2      | 2204 ||| IDENTIFYING bubbling purple potion
  2205 | D:2      | 2205 ||| READING 2 scrolls of identify.
  2205 | D:2      | 2205 ||| IDENTIFYING sapphire potion
  2206 | D:2      | 2206 ||| DROPPING potion of brilliance.
  2207 | D:2      | 2207 ||| DROPPING potion of attraction.
  2262 | D:3      | 2262 ||| Stepping ~*~*~tactically~*~*~ (outnumbered).
  2263 | D:3      | 2263 ||| Stepping ~*~*~tactically~*~*~ (outnumbered).
  2264 | D:3      | HP: 6/28 [orc priest/divine providence (9)]
  2265 | D:3      | 2265 ||| READING scroll of teleportation.
  2266 | D:3      | 2266 ||| DRINKING potion of heal wounds.
  2267 | D:3      | 2267 ||| Stepping ~*~*~tactically~*~*~ (outnumbered).
  2412 | D:3      | Identified the +3 ring mail of the Thunderstorm {rElec
                  | Int+3}
  2418 | D:3      | Noticed Ijyb
  2419 | D:3      | Paralysed by Ijyb for 3 turns
  2422 | D:3      | 2422 ||| Stepping ~*~*~tactically~*~*~ (outnumbered).
  2424 | D:3      | Reached skill level 1 in Armour
  2426 | D:3      | 2426 ||| Stepping ~*~*~tactically~*~*~ (outnumbered).
  2432 | D:3      | Reached XP level 4. HP: 10/35 MP: 5/5
  2440 | D:3      | 2440 ||| Stepping ~*~*~tactically~*~*~ (stealth).
  2446 | D:3      | Paralysed by Ijyb for 2 turns
  2449 | D:3      | HP: 5/35 [Ijyb/+1 dagger of electrocution (14)]
  2450 | D:3      | Mangled by Ijyb

Levels and vault maps discovered:
D:1:      dpeg_arrival_brainrot, layout_loops_ring,
          ebering_ecumenical_altar_abandoned, serial_shops,
          nicolae_shop_waterfront, minivault_24
D:2:      layout_loops_ring, minmay_pentomino_t2
D:3:      layout_rooms, supply_closet_lemuel, uniq_ijyb

Skill      XL: |  1  2  3 |
---------------+----------+-----
Unarmed Combat | 1 2 3 |  3.2
Fighting       | 1 |  1.1
Armour         | 1 |  1.0
Dodging        | |  1.7
Stealth        | |  2.1
Spellcasting   | |  1.7
Conjurations   | |  0.7
Fire Magic     | |  2.4

Action                   |  1- 3 |  4- 6 || total
-------------------------+-------+-------++-------
Melee: Unarmed           |   157 |    15 ||   172
       Punch             |     8 |       ||     8
  Use: Scroll            |    10 |       ||    10
       Potion            |     1 |       ||     1
Armor: Robe              |    14 |       ||    14
       Plate armour      |    25 |    12 ||    37
       Scale mail        |    11 |       ||    11
Dodge: Dodged            |    75 |     1 ||    76

Table legend:
 A = Non-vault XP
 B = Vault XP
 C = Vault XP percentage of total XP
 D = Non-vault monster count
 E = Vault monster count
 F = Vault count percentage of total count
                 A         B        C        D         E       F
            +---------+---------+-------+---------+---------+-------
      Total |      85 |       6 |   6.6 |      39 |       2 |   4.9
            +---------+---------+-------+---------+---------+-------
        D:1 |      29 |       5 |  14.7 |      19 |       1 |   5.0
        D:2 |      25 |       1 |   3.8 |      12 |       1 |   7.7
        D:3 |      31 |       0 |   0.0 |       8 |       0 |   0.0
            +---------+---------+-------+---------+---------+-------
